Map: [ESL] Inside and Out

Players

ShaDoWn

  • Race: Protoss Protoss
  • Spawn Location: 1:00

MaxPax - Winner!

  • Race: Protoss Protoss
  • Spawn Location: 7:00

Event: DreamHack SC2 Masters 2022 Atlanta (Online)

VOD

Have the link to the VOD?

Description

Time

  • Played on: Oct. 12, 2022, 10:11 a.m.
  • Length: 7:24

All games in this series

Show
View Real Time Build Order
Export as new Build Order

ShaDoWn Protoss 

Build Orders: Oracle Opening 

Get SALT Encoding   

  12  0:00  Probe  
  13  0:12  Probe  
  14  0:17  Pylon  
  14  0:24  Probe  
  15  0:35  Gateway  
  15  0:37  Probe (Chrono Boost)  
  16  0:47  Probe (Chrono Boost), Assimilator  
  17  0:52  Probe (Chrono Boost)  
  18  1:04  Probe (Chrono Boost)  
  19  1:05  Assimilator  
  19  1:13  Gateway  
  19  1:15  Probe (Chrono Boost)  
  20  1:19  Probe (Chrono Boost)  
  20  1:24  Cybernetics Core  
  21  1:30  Probe  
  22  1:38  Pylon  
  22  1:42  Probe  
  23  1:56  Probe  
  24  2:01  Stalker x2  
  28  2:10  Probe  
  29  2:19  Stargate  
  29  2:22  Pylon  
  29  2:33  Stalker  
  31  2:40  Stalker  
  32  2:58  Pylon  
  32  3:01  Oracle (Chrono Boost)  
  35  3:21  Probe  
  35  3:26  Nexus  
  36  3:28  Pylon  
  36  3:33  Probe  
  34  3:45  Probe  
  34  3:47  Twilight Council  
  35  3:57  Probe  
  36  4:02  Shield Battery  
  37  4:10  Phoenix, Probe  
  39  4:21  Stalker (Chrono Boost)  
  42  4:27  Shield Battery  
  43  4:31  Stalker (Chrono Boost)  
  43  4:34  Probe  
  41  4:40  Probe  
  41  4:44  Pylon  
  42  4:47  Probe  
  42  4:51  Blink  
  41  4:53  Warp Gate (Chrono Boost)  
  41  4:58  Probe  
  41  5:01  Pylon  
  39  5:12  Probe  
  36  5:15  Probe (Chrono Boost)  
  37  5:24  Probe (Chrono Boost)  
  39  5:32  Probe (Chrono Boost)  
  39  5:34  Probe (Chrono Boost)  
  39  5:39  Probe (Chrono Boost)  
  39  5:40  Probe (Chrono Boost)  
  37  5:50  Probe (Chrono Boost)  
  37  5:51  Dark Shrine  
  37  5:56  Probe (Chrono Boost)  
  38  5:59  Probe (Chrono Boost)  
  40  6:07  Probe (Chrono Boost)  
  40  6:08  Probe (Chrono Boost)  
  41  6:12  Probe (Chrono Boost)  
  41  6:13  Gateway  
  41  6:14  Probe  
  43  6:22  Probe  
  44  6:27  Probe  
  44  6:32  Pylon  
  45  6:35  Probe  
  45  6:37  Stalker  
  45  6:38  Stalker  
  45  6:39  Probe  
  51  6:44  Pylon  
  51  6:47  Probe  
  51  6:51  Probe  
  50  6:59  Probe  
  50  7:03  Dark Templar, Probe  
  50  7:07  Stalker  
  53  7:11  Probe  
Show
View Real Time Build Order
Export as new Build Order

MaxPax Protoss - Winner!

Build Orders: Oracle Opening, Phoenix Opening 

Get SALT Encoding   

  12  0:00  Probe  
  13  0:12  Probe  
  14  0:19  Pylon  
  14  0:24  Probe (Chrono Boost)  
  15  0:37  Gateway, Probe (Chrono Boost)  
  16  0:45  Probe (Chrono Boost)  
  16  0:46  Assimilator  
  17  0:52  Probe  
  18  1:04  Probe  
  19  1:16  Probe (Chrono Boost)  
  19  1:17  Assimilator  
  20  1:18  Pylon  
  20  1:24  Cybernetics Core  
  21  1:27  Probe (Chrono Boost)  
  21  1:31  Probe (Chrono Boost)  
  21  1:36  Zealot  
  24  1:42  Probe  
  25  1:58  Probe  
  25  2:01  Stargate  
  26  2:04  Adept  
  28  2:21  Warp Gate  
  28  2:26  Nexus  
  28  2:33  Pylon  
  28  2:42  Oracle (Chrono Boost)  
  31  2:51  Stalker  
  31  2:53  Probe  
  34  3:01  Shield Battery  
  32  3:05  Probe  
  37  3:22  Probe, Void Ray (Chrono Boost)  
  37  3:34  Probe  
  38  3:39  Probe  
  39  3:42  Gateway  
  39  3:46  Probe  
  40  3:49  Phoenix (Chrono Boost)  
  40  3:52  Probe  
  43  3:58  Probe  
  44  4:05  Twilight Council, Probe  
  45  4:11  Probe, Stalker  
  48  4:19  Probe  
  48  4:23  Probe  
  50  4:27  Gateway  
  50  4:31  Probe  
  50  4:35  Probe  
  50  4:37  Stalker  
  54  4:39  Pylon  
  54  4:45  Blink (Chrono Boost)  
  54  4:54  Pylon  
  54  4:57  Probe x2  
  52  5:09  Probe x2  
  50  5:18  Stalker x2  
  50  5:20  Pylon  
  52  5:21  Probe  
  52  5:22  Nexus  
  52  5:24  Probe  
  52  5:25  Stalker  
  56  5:33  Probe  
  57  5:36  Probe  
  58  5:42  Stalker x2  
  58  5:45  Probe  
  58  5:48  Probe, Assimilator  
  61  5:52  Robotics Facility  
  61  5:57  Stalker  
  61  5:58  Probe, Pylon  
  61  6:00  Probe  
  65  6:05  Forge  
  65  6:08  Stalker  
  65  6:10  Probe  
  68  6:12  Probe  
  68  6:14  Shield Battery  
  68  6:17  Stalker  
  71  6:22  Stalker  
  71  6:23  Probe  
  71  6:24  Probe  
  75  6:30  Pylon  
  75  6:34  Gateway  
  75  6:35  Probe (Chrono Boost)  
  78  6:40  Probe (Chrono Boost)  
  78  6:41  Stalker  
  78  6:42  Probe (Chrono Boost)  
  78  6:45  Probe (Chrono Boost), Stalker  
  83  6:49  Probe (Chrono Boost)  
  83  6:52  Probe  
  83  6:53  Stalker  
  88  6:54  Observer (Chrono Boost)  
  88  6:56  Probe  
  89  7:03  Probe  
  89  7:05  Probe  
  89  7:08  Probe, Stalker x2  
Tags
 
Add a new tag
Caveats
  • Supply blocks, unpowered buildings, or Contaminate may cause inaccurate times.
  • Supply counts are checked every 10 seconds.